 Dungeon Crawl Stone Soup version 0.28.0-43-g3370ac3207 (webtiles) character file.

Game seed: 17544845527657532896

1815 issech the Chopper (level 8, -17/71 HPs)
             Began as a Troll Monk on Mar 27, 2022.
             Was a Believer of Hepliaklqana.
             Demolished by a two-headed ogre
             ... wielding a +0 giant club
              (28 damage)
             ... on level 6 of the Dungeon.
             The game lasted 00:14:14 (4030 turns).

issech the Chopper (Troll Monk)                     Turns: 4030, Time: 00:14:16

Health: -17/71     AC:  4    Str: 20    XL:     8   Next: 85%
Magic:  7/7        EV: 16    Int:  6    God:    Hepliaklqana [**....]
Gold:   251        SH:  0    Dex: 18    Spells: 7/7 levels left

rFire   . . .      SeeInvis .   k - +7 hand axe of Reapportionment {flame, rPois Dex+4}
rCold   . . .      Faith    .   (no shield)
rNeg    . . .      Spirit   .   b - +0 robe
rPois   +          Reflect  .   (helmet restricted)
rElec   .          Harm     .   (no cloak)
rCorr   .          Rampage  .   (gloves unavailable)
Will    .....                   (boots unavailable)
Stlth   ++........              (no amulet)
HPRegen 1.01/turn               m - +4 ring of evasion
MPRegen 0.10/turn               (no ring)

@: no status effects
A: reduced essence, large, unfitting armour, claws 3, regeneration 1, shaggy fur
1, tough skin 1
a: Renounce Religion, Recall Ancestor, Ancestor Identity


You were on level 6 of the Dungeon.
You worshipped Hepliaklqana.
Hepliaklqana was pleased with you.
You visited 1 branch of the dungeon, and saw 6 of its levels.

You collected 251 gold pieces.

Inventory:

Hand Weapons
 a - a +0 mace
 h - a +1 dagger of electrocution
 k - the +7 hand axe of Reapportionment (weapon) {flame, rPois Dex+4}
   (You found it on level 2 of the Dungeon)

   It burns those it strikes, dealing additional fire damage.
   Big, fiery blades are also staple armaments of hydra-hunters.
   Dex:       It affects your dexterity (+4).
   rPois:     It protects you from poison.
 u - a +0 flail
 x - a +0 rapier of venom
 B - a +0 giant club
Missiles
 c - 59 bolts
 l - 50 stones
 n - 43 sling bullets
 q - 62 arrows
 t - 2 large rocks (quivered)
Armour
 b - a +0 robe (worn)
Jewellery
 m - a +4 ring of evasion (left claw)
 o - a ring of ice
Wands
 y - a wand of polymorph (9)
Scrolls
 d - a scroll of noise {unknown}
 p - 2 scrolls of teleportation
 r - 2 scrolls of enchant weapon {unknown}
 v - a scroll of magic mapping {unknown}
 w - 6 scrolls of identify {unknown}
 z - a scroll of silence {unknown}
 D - a scroll of fear {unknown}
Potions
 e - 4 potions of curing {unknown}
 f - a potion of invisibility {unknown}
 g - a potion of flight {unknown}
 i - 2 potions of heal wounds {unknown}
 j - 3 potions of lignification {unknown}
 s - 4 potions of cancellation {unknown}
 A - a potion of attraction {unknown}
 C - 2 potions of magic {unknown}
 E - a potion of degeneration {unknown}
 F - a potion of mutation {unknown}


   Skills:
 + Level 4.8 Fighting
 + Level 6.3(6.7) Axes
 + Level 3.5(5.7) Maces & Flails
 + Level 0.6 Throwing
 + Level 4.6 Dodging
 + Level 2.4 Stealth


You had 7 spell levels left.
You didn't know any spells.
Your spell library contained the following spells:

 Spells                   Type           Power      Damage    Failure   Level
 Foxfire                  Conj/Fire      0%         2x1d4     45%         1
 Shock                    Conj/Air       0%         1d3       45%         1
 Ensorcelled Hibernation  Hex/Ice        0%         N/A       58%         2
 Conjure Flame            Conj/Fire      0%         6-21      83%         3
 Inner Flame              Hex/Fire       0%         N/A       83%         3
 Spider Form              Tmut/Pois      0%         N/A       83%         3
 Swiftness                Air            0%         N/A       83%         3
 Airstrike                Air            0%         N/A       99%         4
 Anguish                  Hex/Necr       0%         N/A       99%         4
 Flame Wave               Conj/Fire      0%         2d4       99%         4


Dungeon Overview and Level Annotations

Branches:
Dungeon (6/15)             Temple (0/1) D:6

Altars:
Hepliaklqana
Qazlal
Trog
Vehumet
Xom


Innate Abilities, Weirdness & Mutations

Your life essence is reduced to manifest your ancestor. (-10% HP)
You are too large for most types of armour.
You have claws for hands.
Your natural rate of healing is unusually fast.
You are covered in fur. (AC +1)
You have tough skin. (AC +1)


Message History

Press: ? - help, Q - select action, (/) - cycle Shift-Dir - straight line, f/p - two-headed ogre
Aim: a two-headed ogre, wielding two +0 giant clubs (lightly wounded, ally target, 77% to hit)
You throw a large rock. Dube avoids your attack.
The large rock barely misses the two-headed ogre.
Dube hits the two-headed ogre with a +0 quarterstaff.
Throw: 3 large rocks
Press: ? - help, Q - select action, (/) - cycle Shift-Dir - straight line, f - ice beast, p - two-headed ogre
Aim: an ice beast (63% to hit)
You throw a large rock. Dube avoids your attack.
The large rock hits the ice beast!!
The ice beast is almost dead.
The two-headed ogre hits Dube with a +0 giant club!!
Dube is destroyed!
The two-headed ogre hits you with a +0 giant club! x2
You slash the two-headed ogre! You burn the two-headed ogre.
The two-headed ogre is heavily wounded.
You closely miss the ice beast. The ice beast hits you.
The ice beast freezes you!
The two-headed ogre hits you with a +0 giant club.
The two-headed ogre closely misses you.
You hit the two-headed ogre. You burn the two-headed ogre.
The two-headed ogre is heavily wounded.
You hit the ice beast but do no damage. The ice beast misses you.
You closely miss the two-headed ogre.
The two-headed ogre is heavily wounded.
You hit the ice beast.
You melt the ice beast.
You kill the ice beast!
The two-headed ogre closely misses you.
The two-headed ogre hits you with a +0 giant club!
You barely miss the two-headed ogre.
The two-headed ogre is heavily wounded.
The two-headed ogre closely misses you. The two-headed ogre misses you.
Unknown command.
You hit the two-headed ogre. You burn the two-headed ogre.
You claw the two-headed ogre.
The two-headed ogre is severely wounded.
The two-headed ogre hits you with a +0 giant club!
* * * LOW HITPOINT WARNING * * *
The two-headed ogre hits you with a +0 giant club!!
You die...

....... ### ....(.. ..#
.......####.#
.......#....###
.......#.#....#
............#.#
.(.(....#.#.#.#
.(....O@......##
.#.#...#.#.#...###
#...#.......#...#
...#...#.>.#...#.#
.....#.......#...## .
.....#.#.#......##
####.............#
######.#.#..####..#####
#...........##.<.......


You could see a two-headed ogre.

Vanquished Creatures
  Prince Ribbit (D:5)
  An ice beast (D:6)
  A sky beast (D:5)
  2 ogres
  A water moccasin skeleton (D:5)
  A howler monkey (D:4)
  A jelly (D:5)
  A hound (D:4)
  2 orc priests
  2 gnoll shamans
  An iguana (D:5)
  2 orc wizards (D:5)
  7 gnolls
  2 adders (D:2)
  A white imp (D:5)
  An ufetubus (D:3)
  3 worms
  4 dart slugs
  10 orcs
  3 bats (D:2)
  4 endoplasms
  3 giant cockroaches
  3 goblins
  3 hobgoblins
  5 jackals
  A kobold (D:1)
  A quokka (D:3)
  7 ball pythons
  A frilled lizard (D:1)
  2 rats
77 creatures vanquished.

Vanquished Creatures (collateral kills)
  Eustachio (D:4)
  2 water moccasins (D:5)
  A black bear (D:5)
  An ice beast (D:5)
  A centaur skeleton (D:6)
  A centaur zombie (D:6)
  An orc priest (D:5)
  An iguana (D:6)
  Ijyb (D:4)
  An orc wizard (D:5)
  3 gnolls
  A shadow imp (D:5)
  3 orcs (D:5)
  An endoplasm (D:4)
  A kobold (D:4)
20 creatures vanquished.

Vanquished Creatures (others)
  2 battlemagi
2 creatures vanquished.

Grand Total: 99 creatures vanquished

Notes
Turn   | Place    | Note
-------+----------+-------------------------------------------
     0 | D:1      | issech the Troll Monk began the quest for the Orb.
     0 | D:1      | Reached XP level 1. HP: 22/22 MP: 0/0
   129 | D:1      | Found a faded altar of an unknown god.
   631 | D:1      | Reached XP level 2. HP: 29/29 MP: 1/1
  1020 | D:2      | Identified the +7 hand axe of Reapportionment {flame, rPois
                  | Dex+4}
  1135 | D:2      | Reached XP level 3. HP: 20/36 MP: 2/2
  1278 | D:2      | Reached XP level 4. HP: 45/45 MP: 3/3
  1777 | D:3      | Reached skill level 1 in Axes
  2163 | D:4      | Reached XP level 5. HP: 49/53 MP: 4/4
  2296 | D:4      | Reached skill level 2 in Axes
  2302 | D:4      | Found a hazy altar of Hepliaklqana.
  2318 | D:4      | Became a worshipper of Hepliaklqana the Forgotten
  2318 | D:4      | Reached * piety under Hepliaklqana
  2318 | D:4      | Reached ** piety under Hepliaklqana
  2319 | D:4      | Remembered your ancestor Dube as a battlemage
  2521 | D:4      | Reached XP level 6. HP: 54/54 MP: 5/5
  2689 | D:4      | Noticed Eustachio
  2703 | D:4      | Killed Eustachio
  2704 | D:4      | Reached skill level 3 in Axes
  2783 | D:4      | Found a radiant altar of Vehumet.
  2785 | D:4      | Found a shimmering altar of Xom.
  2786 | D:4      | Found a stormy altar of Qazlal.
  2833 | D:4      | Noticed Ijyb
  2843 | D:4      | Killed Ijyb
  3208 | D:5      | Entered Level 5 of the Dungeon
  3212 | D:5      | Noticed a sky beast
  3214 | D:5      | Found a bloodstained altar of Trog.
  3220 | D:5      | Killed a sky beast
  3221 | D:5      | Reached skill level 4 in Axes
  3221 | D:5      | Reached XP level 7. HP: 50/61 MP: 6/6
  3251 | D:5      | Noticed Prince Ribbit
  3300 | D:5      | Killed Prince Ribbit
  3316 | D:5      | Reached skill level 5 in Axes
  3322 | D:5      | Reached XP level 8. HP: 47/70 MP: 7/7
  3636 | D:5      | Reached skill level 6 in Axes
  3819 | D:6      | Found a staircase to the Ecumenical Temple.
  4021 | D:6      | Noticed a two-headed ogre
  4030 | D:6      | Demolished by a two-headed ogre

Illustrated notes

Levels and vault maps discovered:
D:1:      dpeg_arrival_stonehenge_8_columns, layout_basic,
          shapermc_ecumenical_altar_notcrosses, roderic_roman_lattice,
          serial_bayou_pond_c
D:2:      layout_rooms, kennysheep_potato
D:3:      layout_rooms
D:4:      layout_loops_corners, mainiacjoe_overflow_boulevard,
          gammafunk_temple_overflow_claw, serial_park_tiny_2, uniq_eustachio,
          uniq_ijyb
D:5:      layout_rooms, mainiacjoe_overflow_brackets, uniq_prince_ribbit1
D:6:      layout_loops_cross, minmay_temple_entry_sparse_star,
          ebering_ghost_inner_flame, cheibrodos_sewer_entry_drain

Skill      XL: |  1  2  3  4  5  6  7  8 |
---------------+-------------------------+-----
Maces & Flails | 3 |  3.5
Fighting       | 3 4 |  4.8
Axes           | 1 2 4 5 6 |  6.3
Dodging        | 3 4 |  4.6
Stealth        | 2 |  2.4
Throwing       | |  0.6

Action                   |  1- 3 |  4- 6 |  7- 9 || total
-------------------------+-------+-------+-------++-------
Melee: Mace              |    61 |       |       ||    61
       Hand axe          |    21 |    91 |    57 ||   169
       Punch             |     1 |     2 |     1 ||     4
Throw: Large rock        |       |     2 |     3 ||     5
Invok: Ancestor Life: Ba |       |     1 |       ||     1
  Use: Scroll            |       |       |     1 ||     1
 Stab: Sleeping          |     1 |     1 |     1 ||     3
       Distracted        |       |     2 |       ||     2
Armor: Robe              |    50 |    17 |    12 ||    79
Dodge: Dodged            |    84 |    70 |    37 ||   191
